 Dungeon Crawl Stone Soup version 0.31-a0-692-gf03d1854d5 (webtiles) character file.

Game seed: 1537702546353448784

961 stafakn the Chopper (level 7, -5/94 HPs)
             Began as a Minotaur Berserker on Sept 7, 2023.
             Was a Believer of Trog.
             Slain by a killer bee (6 damage)
             ... on level 5 of the Dungeon.
             The game lasted 00:15:13 (4089 turns).

stafakn the Chopper (Minotaur Berserker)            Turns: 4089, Time: 00:15:13

Health: -5/94      AC:  9    Str: 23    XL:     7   Next: 92%
Magic:  6/6        EV: 10    Int:  4    God:    Trog [**....]
Gold:   1170       SH: 12    Dex: 10    Spells: 6/6 levels left

rFire   + . .        b - +0 war axe
rCold   . . .        d - +0 tower shield
rNeg    + . .        k - +3 leather armour
rPois   .            (helmet restricted)
rElec   .            (no cloak)
rCorr   .            s - +1 pair of gloves
SInv    .            e - +0 pair of boots
Will    ++...        (no amulet) Stlth
                     j - ring of protection from fire
HPRegen 1.35/turn    i - ring of positive energy
MPRegen 0.10/turn

%: no passive effects
@: berserking, lethally poisoned (-5 -> -6), strong-willed, regenerating, very
quick
A: horns 2, retaliatory headbutt
a: Renounce Religion, Berserk, Trog's Hand


You were on level 5 of the Dungeon.
You worshipped Trog.
Trog was pleased with you.
You visited 1 branch of the dungeon, and saw 5 of its levels.

You collected 1242 gold pieces.
You spent 72 gold pieces at shops.

Inventory:

Hand Weapons
 a - a +0 hand axe
 b - a +0 war axe (weapon)
Missiles
 l - a throwing net (quivered)
Armour
 d - a +0 tower shield (worn)
 e - a +0 pair of boots (worn)
 k - a +3 leather armour (worn)
 s - a +1 pair of gloves (worn)
Jewellery
 i - a ring of positive energy (right hand)
 j - a ring of protection from fire (left hand)
 v - an amulet of guardian spirit
Wands
 g - a wand of polymorph (11)
 q - a wand of paralysis (7)
Scrolls
 n - 2 scrolls of fear
 u - a scroll of enchant armour {unknown}
 w - a scroll of teleportation {unknown}
Potions
 c - 3 potions of curing
 f - a potion of brilliance {unknown}
 h - a potion of attraction
 m - a potion of berserk rage {unknown}
 o - a potion of heal wounds {unknown}
 p - a potion of mutation {unknown}
 r - a potion of resistance {unknown}
 t - a potion of haste {unknown}


   Skills:
 + Level 6.3 Fighting
 + Level 7.5 Axes
 + Level 4.1 Armour
 + Level 4.1 Dodging
 + Level 0.6 Stealth
 + Level 4.2 Shields


You had 6 spell levels left.
You didn't know any spells.
Your spell library contained the following spells:

 Spells                   Type           Power      Damage    Failure   Level
 Cigotuvi's Dreadful Rot  Necr/Pois/Air  0%         N/A       99%         2
 Ignite Poison            Fire/Tmut/Pois 0%         N/A       100%        3
 Summon Guardian Golem    Hex/Summ       0%         N/A       100%        3
 Freezing Cloud           Conj/Ice/Air   0%         6-21      100%        5
 Orb of Destruction       Conj           0%         9d5       100%        7
 Spellforged Servitor     Conj/Summ      0%         N/A       100%        7


Dungeon Overview and Level Annotations

Branches:
Dungeon (5/15)
 Temple: D:4-7

Altars:
Gozag
Trog

Shops:
D:3 ?[


Innate Abilities, Weirdness & Mutations

You have a pair of horns on your head.
You reflexively headbutt those who attack you in melee.


Message History

The killer bee is almost dead.
You closely miss the killer bee.
You feel sick. You block the killer bee's attack. x2
You barely miss the killer bee. Your headbutt misses the killer bee.
The killer bee is almost dead.
You miss the killer bee.
You feel sick.
The killer bee stings you but does no damage.
The killer bee stings you.
* * * LOW HITPOINT WARNING * * *
You block the killer bee's attack. The killer bee stings you.
* * * LOW HITPOINT WARNING * * *
You are more poisoned.
The killer bee poisons you!
You feel very sick.
The killer bee attacks as it pursues you!
The killer bee stings you but does no damage.
You hit the killer bee.
You kill the killer bee!
Trog accepts your kill.
You feel sick.
The killer bee stings you but does no damage.
You barely miss the killer bee. Your headbutt misses the killer bee.
You feel very sick. You block the killer bee's attack.
The killer bee barely misses you.
You closely miss the killer bee. x2; You barely miss the killer bee.
You feel sick. The killer bee barely misses you. The killer bee stings you.
* * * LOW HITPOINT WARNING * * *
The killer bee stings you.
* * * LOW HITPOINT WARNING * * *
You block the killer bee's attack. x2
The killer bee stings you but does no damage.
You slash the killer bee!
The killer bee is severely wounded.
You barely miss the killer bee. You miss the killer bee.
You feel sick. The killer bee stings you.
* * * LOW HITPOINT WARNING * * *
You block the killer bee's attack. x2
The killer bee stings you but does no damage.
The killer bee stings you.
You die...

.... ....
...###############
#####.............#.####
#...#.............#.....
...'.............#.....
#.yy..........#.....
#.y@..........#...##
.......#######.....#...##
....... #.....#....#
#...... #....†#....#
#...... #...).#....#
#...... #.....'....#
#...... #.....#....#
#...... #.....#.(..#
#.....#....#


You could see 3 killer bees.

Vanquished Creatures
  Grinder (D:3)
  Sigmund (D:3)
  An ogre (D:4)
  A scorpion (D:2)
  3 killer bees (D:5)
  2 orc priests (D:4)
  3 iguanas
  An orc wizard (D:4)
  4 gnolls (D:2)
  7 adders
  7 orcs
  5 endoplasms
  5 giant cockroaches
  12 hobgoblins
  4 jackals
  2 kobolds
  4 quokkas
  4 ball pythons
  7 bats
  2 frilled lizards (D:2)
  3 goblins (D:1)
  7 rats
86 creatures vanquished.

Notes
Turn   | Place    | Note
-------+----------+-------------------------------------------
     0 | D:1      | stafakn the Minotaur Berserker began the quest for the Orb.
     0 | D:1      | Reached XP level 1. HP: 19/19 MP: 0/0
   169 | D:1      | Reached skill level 4 in Axes
   169 | D:1      | Reached XP level 2. HP: 26/27 MP: 1/1
   893 | D:2      | Noticed a scorpion
   899 | D:2      | Killed a scorpion
   900 | D:2      | Reached XP level 3. HP: 20/34 MP: 2/2
   900 | D:2      | Reached XP level 4. HP: 24/41 MP: 3/3
  1227 | D:2      | Reached skill level 5 in Fighting
  1302 | D:2      | Reached skill level 5 in Axes
  1302 | D:2      | Reached XP level 5. HP: 46/48 MP: 4/4
  1581 | D:2      | Reached ** piety under Trog
  1816 | D:3      | Found Ostakhlos's Magic Scroll Shop.
  1821 | D:3      | Bought a scroll of identify for 24 gold pieces
  1821 | D:3      | Bought a scroll of identify for 24 gold pieces
  1821 | D:3      | Bought a scroll of identify for 24 gold pieces
  1900 | D:3      | Noticed Grinder
  1939 | D:3      | Killed Grinder
  1940 | D:3      | Reached XP level 6. HP: 49/56 MP: 5/5
  1990 | D:3      | Identified a scroll of acquirement
  1991 | D:3      | Acquired 1030 gold pieces
  2156 | D:3      | Reached skill level 6 in Axes
  2326 | D:3      | Found Fule's Antique Armour Shop.
  2326 | D:3      | Noticed Sigmund
  2334 | D:3      | Killed Sigmund
  2335 | D:3      | Reached XP level 7. HP: 36/62 MP: 6/6
  3052 | D:4      | Found an opulent altar of Gozag.
  3130 | D:4      | Reached skill level 7 in Axes
  3800 | D:4      | Found a bloodstained altar of Trog.
  4033 | D:5      | Entered Level 5 of the Dungeon
  4089 | D:5      | HP: 1/94 [killer bee (6)]
  4089 | D:5      | Slain by a killer bee

Illustrated notes

Levels and vault maps discovered:
D:1:      minmay_arrival_statue_studded, layout_basic
D:2:      layout_loops_corners, serial_park_tiny_1
D:3:      layout_loops_corners, serial_shops, shop, nicolae_square_shop,
          uniq_grinder, uniq_sigmund
D:4:      layout_basic, mainiacjoe_overflow_alcove_2, grunt_gozag_statues
D:5:      layout_gridville, kennysheep_mini, nzn_wu_jian_contemplation

Skill      XL: |  1  2  3  4  5  6  7 |
---------------+----------------------+-----
Axes           | 4 5 6 7 |  7.5
Fighting       | 4 5 6 |  6.3
Dodging        | 3 4 |  4.1
Armour         | 3 4 |  4.1
Shields        | 2 3 4 |  4.2
Stealth        | |  0.6

Action                     |  1- 3 |  4- 6 |  7- 9 || total
---------------------------+-------+-------+-------++-------
  Melee: Hand axe          |    39 |    77 |       ||   116
         Headbutt          |     6 |    10 |    12 ||    28
         Unarmed           |       |     2 |       ||     2
         War axe           |       |     9 |    73 ||    82
 Invoke: Berserk           |       |     2 |     1 ||     3
         Trog's Hand       |       |     2 |     1 ||     3
    Use: Scroll            |       |     9 |       ||     9
 Armour: Animal skin       |     6 |       |       ||     6
         Ring mail         |     7 |       |       ||     7
         Leather armour    |     3 |    37 |    54 ||    94
         Skin              |     2 |     3 |       ||     5
  Dodge: Dodged            |    15 |    30 |    27 ||    72
  Block: Tower shield      |    27 |    53 |    61 ||   141

Table legend: (Time is in decaauts)
 A = Elapsed time spent in this place.
 B = Non-inter-level travel time spent in this place.
 C = Inter-level travel time spent in this place.
 D = Time resting spent in this place.
 E = Time spent auto-exploring this place.
 F = Levels seen in this place.
 G = Mean time per level.
                   A        B        C        D        E       F      G
               +--------+--------+--------+--------+--------+-----+--------+
         Total |   4176 |   3887 |    289 |      0 |   3001 |   5 |  835.2 |
       Dungeon |   4176 |   3887 |    289 |      0 |   3001 |   5 |  835.2 |
               +--------+--------+--------+--------+--------+-----+--------+

Top non-repeatable levels by time:
     D:3: 1217 daAuts
     D:4: 1066 daAuts
     D:2: 1033 daAuts
     D:1: 799 daAuts
     D:5: 58 daAuts
